 Dungeon Crawl Stone Soup version 0.28-a0-1524-ge72afd5fc6 (webtiles) character file.

Game seed: 12847934695153047817

6 murtidash the Sneak (level 1, 0/20 HPs)
             Began as a Hill Orc Delver on Jan 17, 2022.
             Killed by nerve-wracking pain
             ... invoked by Jessica
              (6 damage)
             ... on level 2 of the Dungeon.
             The game lasted 00:01:12 (362 turns).

murtidash the Sneak (Hill Orc Delver)                Turns: 362, Time: 00:01:13

Health: 0/20       AC:  3    Str: 14    XL:     1   Next: 90%
Magic:  1/1        EV: 11    Int: 10    God:
Gold:   14         SH:  0    Dex: 12    Spells: 0/0 levels left

rFire   . . .      SeeInvis .   a - +0 hand axe
rCold   . . .      Faith    .   (no shield)
rNeg    . . .      Spirit   .   b - +0 leather armour
rPois   .          Reflect  .   (no helmet)
rElec   .          Harm     .   (no cloak)
rCorr   .          Rampage  .   (no gloves)
Will    .....                   (no boots)
Stlth   ++........              (no amulet)
HPRegen 0.06/turn               (no ring)
MPRegen 0.07/turn               (no ring)

@: no status effects
A: no striking features
a: no special abilities


You were on level 2 of the Dungeon.
You visited 1 branch of the dungeon, and saw 4 of its levels.

You collected 14 gold pieces.

Inventory:

Hand Weapons
 a - a +0 hand axe (weapon)
Armour
 b - a +0 leather armour (worn)
 h - a +0 hat
   (You found it on level 5 of the Dungeon)
Wands
 g - a wand of digging (3)
Scrolls
 d - a scroll of magic mapping {!r}
 i - a scroll of teleportation {unknown}
Potions
 f - 2 potions of haste


   Skills:
 + Level 3.8 Fighting
 + Level 3.0 Axes
 + Level 0.7 Armour
 - Level 1.5 Dodging
 - Level 4.1 Stealth


You couldn't memorise any spells.
You didn't know any spells.
Your spell library was empty.

Dungeon Overview and Level Annotations

Branches:
Dungeon (5/15)
 Temple: D:4-7

Altars:

Annotations:
D:2 Jessica, Natasha


Message History

i - a scroll labelled WEYCIE LEROE
Found a stone staircase leading up.
There is a stone staircase leading up here.
You climb upwards.
There is a stone staircase leading down here.
You closely miss the giant cockroach. The giant cockroach bites you.
You take 1 damage, and have 19/20 hp.
You hit the giant cockroach.
The giant cockroach bites you but does no damage.
The giant cockroach bites you.
You take 1 damage, and have 18/20 hp.
You hit the giant cockroach but do no damage.
The giant cockroach barely misses you.
You hit the giant cockroach.
You kill the giant cockroach!
No target in view!
No target in view!
No target in view!
No target in view!
No target in view!
No target in view!
No target in view!
No target in view!
No target in view!
No target in view!
You see here a giant cockroach corpse.
A hobgoblin comes into view.
Health restored: 20 Natasha and a hobgoblin come into view.
Jessica the Apprentice Sorceress comes into view.
She is wielding a +0 dagger.
Jessica shouts!
A hobgoblin comes into view.
You open the door.
An endoplasm comes into view.
There is an open door here.
A rat comes into view.
The endoplasm freezes you.
You are frozen.
You take 3 damage, and have 17/20 hp.
A quokka comes into view.
The endoplasm freezes you.
You are frozen.
You take 4 damage, and have 13/20 hp.
The quokka bites you but does no damage.
The endoplasm hits you.
You take 2 damage, and have 11/20 hp.
The quokka misses you.
You barely miss the quokka. The quokka closely misses you.
The quokka bites you but does no damage.
You hit the endoplasm. You barely miss the quokka.
The quokka barely misses you. The endoplasm misses you.
You hit the endoplasm but do no damage. You closely miss the quokka.
The quokka bites you but does no damage.
The endoplasm freezes you.
You are frozen.
The quokka barely misses you.
You take 1 damage, and have 10/20 hp.
You hit the endoplasm. You hit the quokka. The endoplasm completely misses you.
The quokka barely misses you.
You hit the endoplasm.
You kill the endoplasm!
You barely miss the quokka. The quokka closely misses you.
You barely miss the quokka. The quokka barely misses you. x2
You closely miss the quokka. You closely miss the rat. The quokka bites you.
The rat bites you but does no damage.
You take 2 damage, and have 8/20 hp.
You closely miss the quokka. You hit the rat.
The quokka bites you but does no damage.
The rat closely misses you. The quokka bites you.
You take 1 damage, and have 7/20 hp.
You closely miss the quokka. You hit the rat.
You kill the rat!
The quokka closely misses you.
You hit the quokka but do no damage. The quokka misses you.
You hit the quokka. The quokka barely misses you. The quokka misses you.
You barely miss the quokka.
The quokka bites you but does no damage.
You closely miss the quokka. The quokka bites you.
* * * LOW HITPOINT WARNING * * *
The quokka barely misses you.
You take 4 damage, and have 3/20 hp.
You hit the quokka.
You kill the quokka!
Your Axes skill increases to level 3!
You start resting.
Jessica is nearby!
You regained 3 hp, and now have 6/20 hp.
Jessica shouts!
It was a potion of curing.
You feel better.
You regained 5 hp, and now have 11/20 hp.
Okay, then.
As you read the scroll of fog, it crumbles to dust.
The scroll dissolves into smoke.
You closely miss Jessica. Jessica hits you with a +0 dagger.
* * * LOW HITPOINT WARNING * * *
You take 5 damage, and have 6/20 hp.
MASSIVE DAMAGE!!
You closely miss Jessica. Jessica misses you.
You hit Jessica but do no damage. Jessica casts a spell at you.
Pain shoots through your body!
You die...

#....#
#....#
#....'
#####....#
#.§......#
#§#§#....#
#§§§§....#
#§#@#..###
#§@§§..#
#§§§§..#
########


You could see Jessica.

Vanquished Creatures
  A ball python (D:3)
  An endoplasm (D:2)
  A giant cockroach (D:2)
  A quokka (D:2)
  A rat (D:2)
5 creatures vanquished.

Notes
Turn   | Place    | Note
-------+----------+-------------------------------------------
     0 | D:5      | murtidash the Hill Orc Delver began the quest for the Orb.
     0 | D:5      | Reached XP level 1. HP: 19/19 MP: 1/1
    19 | D:5      | Noticed an iguana
    65 | D:4      | Noticed a phantom
   262 | D:2      | Noticed Natasha
   274 | D:2      | Noticed Jessica
   310 | D:2      | HP: 3/20 [quokka (4)]
   312 | D:2      | Reached skill level 3 in Axes
   362 | D:2      | Killed from afar by Jessica

Illustrated notes

Levels and vault maps discovered:
D:2:      layout_basic, serial_glass, glass_columns_b, glass_columns_a,
          glass_columns_c, glass_columns_a, glass_columns_a, glass_columns_a,
          uniq_jessica, uniq_sigmund, uniq_natasha, uniq_robin
D:3:      layout_basic, ebering_ghost_rock_garden,
          hellmonk_ecumenical_altar_inner_sanctum, minmay_statues_item,
          mrwooster_statue_mirror, uniq_terence
D:4:      layout_basic, kennysheep_little_box, serial_shops,
          nicolae_diamond_shop, grunt_ministairs_12,
          chequers_serial_rivers_large_a
D:5:      layout_loops_ring, serial_shops, nicolae_shop_hallway_stairs,
          serial_bayou_ford_a, amethyst_killhole, nrook_pool_corridor,
          uniq_duvessa

Skill      XL: |  1 |
---------------+----+-----
Axes           | 3 |  3.0
Fighting       | |  3.8
Armour         | |  0.7
Dodging        | |  1.5
Stealth        | |  4.1

Action                   || total
-------------------------++-------
Melee: Hand axe          ||    24
  Use: Scroll            ||     2
       Potion            ||     1
 Stab: Sleeping          ||     1
Armor: Leather armour    ||     7
Dodge: Dodged            ||    20

Table legend: (Time is in decaauts)
 A = Elapsed time spent in this place.
 B = Non-inter-level travel time spent in this place.
 C = Inter-level travel time spent in this place.
 D = Time resting spent in this place.
 E = Time spent auto-exploring this place.
 F = Levels seen in this place.
 G = Mean time per level.
                   A        B        C        D        E       F      G
               +--------+--------+--------+--------+--------+-----+--------+
         Total |    365 |    362 |      3 |     41 |    192 |   4 |   91.2 |
       Dungeon |    365 |    362 |      3 |     41 |    192 |   4 |   91.2 |
               +--------+--------+--------+--------+--------+-----+--------+

Top non-repeatable levels by time:
     D:3: 157 daAuts
     D:2: 138 daAuts
     D:5: 53 daAuts
     D:4: 16 daAuts

Table legend:
 A = Kills in this place as a percentage of kills in entire the game.
 B = Kills by you in this place as a percentage of kills by you in the entire game.
 C = Kills by friends in this place as a percentage of kills by friends in the entire game.
 D = Other kills in this place as a percentage of other kills in the entire game.
 E = Experience gained in this place as a percentage of experience gained in the entire game.
 F = Experience gained in this place divided by the number of levels of this place that you have seen.
                   A       B       C       D       E      F
               +-------+-------+-------+-------+-------+----------------------
         Total | 100.0 | 100.0 |   N/A |   N/A | 100.0 |   2.2
       Dungeon | 100.0 | 100.0 |   N/A |   N/A | 100.0 |   2.2
               +-------+-------+-------+-------+-------+----------------------
